 Dungeon Crawl Stone Soup version 0.17-a0-562-gfd539b1 (webtiles) character file.

4515 Radiman the Severer (level 10, -1/77 HPs)
             Began as a Hill Orc Berserker on Apr 14, 2015.
             Was a High Priest of Trog.
             Slain by an orc warrior
             ... wielding a +0 glaive
              (26 damage)
             ... on level 7 of the Dungeon.
             The game lasted 00:24:06 (5955 turns).

Radiman the Severer (Hill Orc Berserker)            Turns: 5955, Time: 00:24:06

Health: -1/77      AC: 12    Str: 24    XL:     10   Next: 39%
Magic:  10/10      EV:  7    Int:  7    God:    Trog [*****.]
Gold:   809        SH:  0    Dex: 10    Spells: 0 memorised, 9 levels left

rFire  . . .     SeeInvis .     F - +0 battleaxe
rCold  . . .     Clarity  .     G - +0 plate armour
rNeg   . . .     SustAb   +     (no shield)
rPois  .         Gourm    .     (no helmet)
rElec  .         Spirit   .     r - +0 cloak
rCorr  .         Warding  .     (no gloves)
rMut   .         Stasis   .     (no boots)
MR     .....                    e - amulet of regeneration
Stlth  ..........               (no ring)
                                E - ring of sustain abilities

@: exhausted, slowed, very slow, not resistant to hostile enchantments,
extremely unstealthy
A: no striking features
a: Burn Spellbooks, Berserk, Trog's Hand, Brothers in Arms, Renounce Religion


You were on level 7 of the Dungeon.
You worshipped Trog.
Trog was extremely pleased with you.
You were very hungry.

You visited 1 branch of the dungeon, and saw 7 of its levels.
You also visited: Ossuary.

You collected 809 gold pieces.

Inventory:

Hand weapons
 F - a +0 battleaxe (weapon)
Armour
 r - a +0 cloak (worn)
 G - a +0 plate armour (worn)
Jewellery
 e - an amulet of regeneration (around neck)
 y - an uncursed ring of teleportation
 E - a ring of sustain abilities (left hand)
Scrolls
 g - a scroll of fog
 j - a scroll of fear
 l - 3 scrolls of immolation
 o - 7 scrolls of teleportation
 q - a scroll of noise {unknown}
 s - 2 scrolls of enchant armour
 u - 5 scrolls of remove curse
 x - a scroll of recharging {unknown}
 A - a scroll of enchant weapon {unknown}
 C - a scroll of blinking {unknown}
Potions
 d - a potion of beneficial mutation {unknown}
 h - a potion of magic {unknown}
 i - 5 potions of cure mutation
 k - a potion of flight {unknown}
 m - 3 potions of curing
 n - 3 potions of ambrosia
 p - 2 potions of heal wounds
 t - a potion of restore abilities {unknown}
 v - a potion of cancellation {unknown}
 w - a potion of lignification {unknown}
 z - a potion of haste {unknown}
Comestibles
 a - 19 chunks of flesh
 b - 6 meat rations
 c - 7 bread rations
 f - 2 beef jerkies
 B - 3 fruits


   Skills:
 - Level 3.6 Fighting
 * Level 18.0 Axes
 - Level 2.1 Armour
 - Level 1.5 Dodging


You had 9 spell levels left.
You didn't know any spells.

Dungeon Overview and Level Annotations

Branches:
Dungeon (7/15)             Temple (0/1) D:5

Altars:
Ashenzari
Elyvilon
Fedhas
Gozag
Kikubaaqudgha
Nemelex Xobeh
Yredelemnul
Zin
The Shining One


Message History

The orc warrior is almost dead.
The orc warrior hits you with a short sword!
You hit the orc warrior.
You kill the orc warrior!
Trog accepts your kill.
You closely miss the orc. The orc hits you but does no damage.
The orc warrior barely misses you. The orc barely misses you.
You closely miss the orc.
The orc warrior hits you from afar with a glaive.
The orc hits you but does no damage.
You completely miss the orc. The orc warrior closely misses you.
The orc hits you but does no damage. The orc hits you but does no damage.
The orc warrior hits you from afar with a glaive!
* * * LOW HITPOINT WARNING * * *
There is an open door, spattered with blood here.
Things that are here:
a war axe; a chain mail; an orc skeleton The orc warrior hits you from afar with a glaive!!
You die...

##### #...#
#...#+############
###)#)...o)oo.....
#)#....###'##### #)#...o#
#)###o## #...o..# #.@....#
#.#################
#.#....)......#.... ≈≈≈
#.'...))......'..).
≈≈###'#...........#....
≈≈#...#############''''
#####≈≈#...# ...............
#....≈≈#####≈≈≈≈≈≈≈≈≈≈≈≈....
#....≈≈≈≈≈≈≈≈≈≈≈≈≈≈≈≈≈≈≈(...


You could see an orc warrior and 3 orcs.

Vanquished Creatures
  A hill giant (D:7)
  An orc knight (D:7)
  Prince Ribbit (D:6)
  6 yaks
  4 wargs (D:7)
  3 orc warriors
  4 ogres
  A centaur (D:5)
  2 elf zombies (Ossuary)
  4 giant frogs
  2 scorpions
  A crimson imp (D:6)
  A centaur zombie (Ossuary)
  A jelly (D:6)
  2 giant frog skeletons
  4 hounds
  2 orc priests
  6 worker ants
  4 orc wizards
  A killer bee zombie (D:5)
  A big kobold zombie (Ossuary)
  2 mummies (Ossuary)
  3 gnolls (D:2)
  4 adders
  A shadow imp (D:7)
  2 oozes
  An adder skeleton (D:5)
  4 giant geckos
  37 orcs
  2 ball pythons
  A bat skeleton (D:4)
  A bat zombie (D:5)
  3 giant cockroaches
  2 gnoll zombies (Ossuary)
  17 goblins
  8 hobgoblins
  14 jackals
  11 kobolds
  5 quokkas
  9 bats
  A giant gecko skeleton (D:4)
  A giant gecko zombie (D:6)
  8 giant newts
  3 goblin zombies (Ossuary)
  2 hobgoblin zombies (Ossuary)
  3 orc zombies (Ossuary)
  12 rats
209 creatures vanquished.

Notes
Turn   | Place    | Note
--------------------------------------------------------------
     0 | D:1      | Radiman, the Hill Orc Berserker, began the quest for the Orb.
     0 | D:1      | Reached XP level 1. HP: 19/19 MP: 1/1
   146 | D:1      | Reached XP level 2. HP: 20/26 MP: 2/2
   352 | D:1      | Reached skill level 5 in Axes
  1028 | D:2      | Reached XP level 3. HP: 29/31 MP: 3/3
  1072 | D:2      | Reached skill level 6 in Axes
  1127 | D:2      | Acquired Trog's second power
  1150 | D:2      | Reached XP level 4. HP: 32/39 MP: 4/4
  1710 | D:2      | Reached skill level 7 in Axes
  2255 | D:3      | Reached XP level 5. HP: 41/45 MP: 5/5
  2411 | D:3      | Found an opulent altar of Gozag.
  2461 | D:3      | Found an ancient bone altar of Kikubaaqudgha.
  2464 | D:3      | Found a blossoming altar of Fedhas.
  2467 | D:3      | Found a basalt altar of Yredelemnul.
  2580 | D:4      | Reached skill level 8 in Axes
  2876 | D:4      | Reached XP level 6. HP: 35/51 MP: 6/6
  2940 | D:4      | Reached skill level 9 in Axes
  3287 | D:5      | Entered Level 5 of the Dungeon
  3321 | D:5      | Reached skill level 10 in Axes
  3321 | D:5      | Reached XP level 7. HP: 26/57 MP: 7/7
  3349 | D:5      | Found a sparkling altar of Nemelex Xobeh.
  3350 | D:5      | Found a sand-covered staircase.
  3362 | Ossuary  | Entered an ossuary
  3503 | Ossuary  | Reached skill level 11 in Axes
  3604 | D:5      | Found a blossoming altar of Fedhas.
  3609 | D:5      | Reached XP level 8. HP: 19/64 MP: 8/8
  4065 | D:5      | Reached skill level 12 in Axes
  4070 | D:5      | Found a staircase to the Ecumenical Temple.
  4313 | D:6      | Reached skill level 13 in Axes
  4318 | D:6      | Reached skill level 14 in Axes
  4318 | D:6      | Reached XP level 9. HP: 59/70 MP: 9/9
  4644 | D:6      | Reached skill level 15 in Axes
  4648 | D:6      | Acquired Trog's third power
  4957 | D:6      | Noticed Prince Ribbit
  4981 | D:6      | Killed Prince Ribbit
  5153 | D:6      | Found a glowing silver altar of Zin.
  5153 | D:6      | Found a glowing golden altar of the Shining One.
  5153 | D:6      | Found a white marble altar of Elyvilon.
  5313 | D:7      | Reached skill level 16 in Axes
  5314 | D:7      | Found a shattered altar of Ashenzari.
  5540 | D:7      | Reached XP level 10. HP: 38/77 MP: 10/10
  5541 | D:7      | Reached skill level 17 in Axes
  5703 | D:7      | Noticed a hill giant
  5711 | D:7      | Killed a hill giant
  5923 | D:7      | Noticed an orc knight
  5933 | D:7      | Killed an orc knight
  5933 | D:7      | Reached skill level 18 in Axes
  5955 | D:7      | Slain by an orc warrior

Action                   |  1- 3 |  4- 6 |  7- 9 | 10-12 || total
-------------------------+-------+-------+-------+-------++-------
Melee: Hand axe          |    98 |   267 |   254 |       ||   619
       Battleaxe         |       |       |   109 |    63 ||   172
Invok: Berserk           |       |     1 |     6 |     2 ||     9
       Burn Spellbooks   |       |       |     1 |       ||     1
  Use: Scroll            |     1 |       |    12 |       ||    13
  Eat: Chunk             |     1 |     9 |    14 |     4 ||    28
       Royal jelly       |       |       |     1 |       ||     1
